[Event "EWIRCC 2019"]
[Site "Monte-Carlo"]
[Date "2019.11.30"]
[Round "3.1"]
[White "Worek, Joanna"]
[Black "Kosteniuk, Alexandra"]
[Result "1-0"]
[ECO "B45"]
[WhiteElo "2316"]
[BlackElo "2483"]
[Annotator "ChessBase"]
[PlyCount "99"]
[EventDate "2019.11.28"]
[EventType "swiss"]
[EventCountry "MNC"]
[SourceTitle "playchess.com"]
[Source "ChessBase"]
[SourceQuality "1"]
[TimeControl "5400+30"]

1. e4 c5 2. Nf3 e6 3. d4 cxd4 4. Nxd4 Nf6 5. Nc3 Nc6 6. Nxc6 bxc6 7. e5 Nd5 8. Nxd5 cxd5 9. Bd3 Qc7 10. Qe2 Bb4+ 11. Kf1 a5 12. h4 O-O 13. Rh3 f6 14. exf6 Rxf6 15. Kg1 Bb7 16. Bg5 Rf7 17. Rf3 Rxf3 18. Qxf3 Qe5 19. c3 Bd6 20. g3 Rf8 21. Qe3 Qxe3 22. Bxe3 a4 23. b4 axb3 24. axb3 Be5 25. Ra7 Bc6 26. b4 Rb8 27. Bd2 Bd6 28. Be3 Be5 29. Bd2 g6 30. f4 Bf6 31. Kf2 Kf7 32. Ke2 e5 33. fxe5 Bxe5 34. g4 h5 35. gxh5 gxh5 36. Kd1 Bg3 37. Bg5 d4 38. b5 Bf3+ 39. Kc2 Ke6 40. cxd4 Bf2 41. Ra6+ Kd5 42. Rf6 Rc8+ 43. Kd2 Bxd4 44. Rxf3 Bc3+ 45. Ke2 Ra8 46. Rf5+ Ke6 47. Rc5 Bd4 48. Bc4+ d5 49. Bxd5+ Kd6 50. Bxa8 {[%emt 0:01:40] Kd5} 1-0

[Event "EWIRCC 2019"]
[Site "Monte-Carlo"]
[Date "2019.11.30"]
[Round "3.2"]
[White "Muzychuk, Mariya"]
[Black "Gaponenko, Inna"]
[Result "1/2-1/2"]
[ECO "B07"]
[WhiteElo "2552"]
[BlackElo "2427"]
[Annotator "ChessBase"]
[PlyCount "111"]
[EventDate "2019.11.28"]
[EventType "swiss"]
[EventCountry "MNC"]
[SourceTitle "playchess.com"]
[Source "ChessBase"]
[SourceQuality "1"]
[TimeControl "5400+30"]

1. e4 d6 2. d4 Nf6 3. Nc3 g6 4. Bg5 h6 5. Bf4 c6 6. Qd2 g5 7. Bg3 Nh5 8. Nge2 Nd7 9. h4 Nxg3 10. Nxg3 gxh4 11. Rxh4 e5 12. Rh1 exd4 13. Qxd4 Rg8 14. Nf5 Qb6 15. O-O-O Qxd4 16. Rxd4 Rg6 17. g3 Ne5 18. Be2 Bxf5 19. exf5 Rg8 20. Ne4 O-O-O 21. Nf6 Rh8 22. c4 Kc7 23. Rhd1 Be7 24. Ne4 f6 25. b3 Rhg8 26. Nc3 a6 27. a4 Rg7 28. Rh4 Rh8 29. Kc2 Nd7 30. Rdh1 Rgh7 31. Bh5 Bf8 32. Re4 Re7 33. Rxe7 Bxe7 34. Re1 Kd8 35. Ne2 d5 36. cxd5 cxd5 37. Nf4 Bc5 38. Nxd5 Bxf2 39. Rd1 Kc8 40. g4 Rd8 41. Bf7 Ne5 42. Be6+ Kb8 43. Nxf6 Rxd1 44. Kxd1 Bh4 45. Nd7+ Nxd7 46. Bxd7 Kc7 47. Be6 a5 48. Ke2 Kd6 49. Kd3 Ke5 50. Kc4 b6 51. Kb5 Bf2 52. Kc6 Be3 53. Kd7 Kf6 54. Ke8 Bc5 55. Bc8 Bb4 56. Kd7 1/2-1/2

[Event "EWIRCC 2019"]
[Site "Monte-Carlo"]
[Date "2019.11.30"]
[Round "3.3"]
[White "Stefanova, Antoaneta"]
[Black "Zhukova, Natalia"]
[Result "0-1"]
[ECO "D05"]
[WhiteElo "2481"]
[BlackElo "2323"]
[Annotator "ChessBase"]
[PlyCount "90"]
[EventDate "2019.11.28"]
[EventType "swiss"]
[EventCountry "MNC"]
[SourceTitle "playchess.com"]
[Source "ChessBase"]
[SourceQuality "1"]
[TimeControl "5400+30"]

1. d4 Nf6 2. Nf3 d5 3. e3 c5 4. c3 e6 5. Nbd2 Bd6 6. Ne5 O-O 7. Bd3 Qc7 8. f4 b6 9. O-O Ba6 10. Bxa6 Nxa6 11. Rf3 Ne4 12. Nxe4 dxe4 13. Rh3 Bxe5 14. Qh5 h6 15. fxe5 f5 16. Qg6 Qf7 17. Rxh6 Qxg6 18. Rxg6 Kf7 19. Rg5 Nc7 20. Bd2 Rh8 21. c4 Rad8 22. Bc3 Rh6 23. a4 Rg6 24. Rxg6 Kxg6 25. a5 b5 26. dxc5 bxc4 27. Ra4 Nd5 28. Bd4 f4 29. Kf2 fxe3+ 30. Bxe3 Rf8+ 31. Ke2 c3 32. Bd4 cxb2 33. Bxb2 e3 34. Bd4 Rf2+ 35. Ke1 Rxg2 36. Rc4 Kf5 37. c6 Ke4 38. Bxa7+ Kf3 39. Bxe3 Re2+ 40. Kd1 Nxe3+ 41. Kc1 Nxc4 42. c7 Re1+ 43. Kc2 Ne3+ 44. Kb2 Re2+ 45. Kb3 Rc2 0-1

[Event "EWIRCC 2019"]
[Site "Monte-Carlo"]
[Date "2019.11.30"]
[Round "3.4"]
[White "Bulmaga, Irina"]
[Black "Berend, Elvira"]
[Result "1-0"]
[ECO "C67"]
[WhiteElo "2435"]
[BlackElo "2349"]
[Annotator "NA"]
[PlyCount "132"]
[EventDate "2019.11.28"]
[EventType "swiss"]
[EventCountry "MNC"]
[SourceTitle "playchess.com"]
[Source "ChessBase"]
[SourceQuality "1"]
[TimeControl "5400+30"]

1. e4 e5 2. Nf3 Nc6 3. Bb5 Nf6 4. O-O Nxe4 5. d4 Nd6 6. dxe5 Nxb5 7. a4 Nbd4 8. Nxd4 Nxd4 9. Qxd4 d5 10. c4 Be6 11. c5 c6 12. Nd2 Be7 13. b4 O-O 14. f4 Qd7 15. Bb2 f5 16. a5 a6 17. Nf3 h6 18. Qe3 Kh8 19. Nd4 Rf7 20. g4 g6 21. Kh1 Rg8 22. gxf5 gxf5 23. Qh3 Kh7 24. Rg1 Rfg7 25. Rxg7+ Rxg7 26. Rg1 Bf8 27. Rxg7+ Kxg7 28. Bc3 Qf7 29. Be1 Kg6 30. Bh4 Bg7 31. Bd8 Kh7 32. Qh4 Kg8 33. Kg2 Bd7 34. Kf2 Kf8 35. Bc7 Kg8 36. Bd6 Kh7 37. Qd8 Kg6 38. Ke3 Qe8 39. Qxe8+ Bxe8 40. Ne6 Bd7 41. Nd8 Bc8 42. e6 Bf6 43. e7 Bd7 44. Nxb7 Kf7 45. h3 Ke8 46. Nd8 Bh4 47. b5 cxb5 48. c6 Bc8 49. Kd4 Bxe7 50. Bxe7 Kxe7 51. Nb7 Ke6 52. Kc5 b4 53. Kxb4 d4 54. Kc4 d3 55. Kxd3 Kd5 56. Nd8 Kd6 57. Kd4 Kc7 58. Nf7 Kxc6 59. Nxh6 Kb5 60. Nf7 Kxa5 61. Nd6 Bd7 62. h4 Kb4 63. h5 Be6 64. h6 Bg8 65. Nb7 Kb5 66. Ke5 Kc6 {[%emt 0:01:57] Ke4 Kd5+} 1-0

[Event "EWIRCC 2019"]
[Site "Monte-Carlo"]
[Date "2019.11.30"]
[Round "3.5"]
[White "Rogule, Laura"]
[Black "Paehtz, Elisabeth"]
[Result "1-0"]
[ECO "A10"]
[WhiteElo "2293"]
[BlackElo "2484"]
[Annotator "ChessBase"]
[PlyCount "72"]
[EventDate "2019.11.28"]
[EventType "swiss"]
[EventCountry "MNC"]
[SourceTitle "playchess.com"]
[Source "ChessBase"]
[SourceQuality "1"]
[TimeControl "5400+30"]

1. c4 b6 2. Nc3 Bb7 3. e4 e6 4. Nf3 Bb4 5. Qb3 a5 6. a3 Bxc3 7. Qxc3 Bxe4 8. Qxg7 Qf6 9. Qxf6 Nxf6 10. Be2 Rg8 11. d3 Bb7 12. Bg5 Ke7 13. h4 Na6 14. d4 c5 15. d5 exd5 16. cxd5 Bxd5 17. Ne5 Be6 18. Rd1 Nc7 19. Nxd7 Bxd7 20. Bxf6+ Kxf6 21. Rxd7 Ne6 22. Rh3 Nd4 23. Bc4 Rge8+ 24. Kf1 Re7 25. Rd6+ Kg7 26. Rxb6 Rae8 27. Rg3+ Kf8 28. Kg1 Re1+ 29. Kh2 R8e4 30. Rb8+ Ke7 31. Rb7+ Kd6 32. Rh3 Nf3+ 33. Rxf3 Rxh4+ 34. Rh3 Rxc4 35. Rxh7 f6 36. Rb6+ Kd5 1-0

[Event "EWIRCC 2019"]
[Site "Monte-Carlo"]
[Date "2019.11.30"]
[Round "3.6"]
[White "Girya, Olga"]
[Black "Buksa, Nataliya"]
[Result "1-0"]
[ECO "D35"]
[WhiteElo "2476"]
[BlackElo "2410"]
[Annotator "ChessBase"]
[PlyCount "113"]
[EventDate "2019.11.28"]
[EventType "swiss"]
[EventCountry "MNC"]
[SourceTitle "playchess.com"]
[Source "ChessBase"]
[SourceQuality "1"]
[TimeControl "5400+30"]

1. d4 d5 2. c4 e6 3. Nc3 Nf6 4. Nf3 Nbd7 5. cxd5 exd5 6. Bg5 c6 7. e3 h6 8. Bf4 g5 9. Bg3 Nh5 10. Bd3 Nxg3 11. hxg3 Bg7 12. Qc2 Nb6 13. O-O-O Qe7 14. Kb1 Be6 15. Rc1 O-O-O 16. Na4 Nxa4 17. Qxa4 Kb8 18. Rc3 Rc8 19. Rhc1 Qd7 20. Nd2 Rc7 21. Nb3 b6 22. Rxc6 Rhc8 23. Bb5 Rxc6 24. Bxc6 Qd6 25. Qb5 Rc7 26. a4 Bf8 27. a5 Qb4 28. Qxb4 Bxb4 29. a6 Bf5+ 30. Ka2 Be6 31. Bb5 Bf5 32. Bc6 Be6 33. f3 f5 34. Kb1 Kc8 35. Bb7+ Kd8 36. Rh1 Rh7 37. Nc1 Bd6 38. g4 fxg4 39. fxg4 Ke7 40. Nd3 Bf7 41. Ka2 Bg6 42. Ne5 Bxe5 43. dxe5 Ke6 44. Rc1 Kxe5 45. Rc8 Ke4 46. Ra8 Bf7 47. Ka3 Kxe3 48. Rxa7 Be6 49. Ra8 Bxg4 50. Re8+ Kd4 51. a7 Rxb7 52. a8=Q Rc7 53. Qb8 Rc6 54. Qe5+ Kc5 55. Qc3+ Kd6 56. Qb4+ Rc5 57. Qxg4 1-0

[Event "EWIRCC 2019"]
[Site "Monte-Carlo"]
[Date "2019.11.30"]
[Round "3.7"]
[White "Ovod, Evgenija"]
[Black "Daulyte-Cornette, Deimante"]
[Result "0-1"]
[ECO "B03"]
[WhiteElo "2347"]
[BlackElo "2405"]
[Annotator "NA"]
[PlyCount "78"]
[EventDate "2019.11.28"]
[EventType "swiss"]
[EventCountry "MNC"]
[SourceTitle "playchess.com"]
[Source "ChessBase"]
[SourceQuality "1"]
[TimeControl "5400+30"]

1. e4 Nf6 2. e5 Nd5 3. d4 d6 4. c4 Nb6 5. exd6 cxd6 6. Nc3 g6 7. Be3 Bg7 8. Rc1 O-O 9. Be2 d5 10. b3 Bf5 11. c5 Nc8 12. Bf3 e5 13. dxe5 Nc6 14. Nxd5 Nxe5 15. Nf4 g5 16. Qxd8 Rxd8 17. Bxb7 gxf4 18. Bxa8 fxe3 19. Nf3 Nd3+ 20. Ke2 Nxc1+ 21. Rxc1 Bd3+ 22. Ke1 Bb2 23. Rc4 Bxc4 24. bxc4 exf2+ 25. Kxf2 Bd4+ 26. Nxd4 Rxd4 27. Bd5 Rd2+ 28. Ke3 Rxa2 29. c6 Kf8 30. Kd4 Ke7 31. h4 f6 32. h5 h6 33. g4 Rf2 34. Ke3 Rf1 35. c5 a5 36. Bc4 Rc1 37. Kd4 a4 38. c7 a3 39. Bg8 Kd7 0-1

[Event "EWIRCC 2019"]
[Site "Monte-Carlo"]
[Date "2019.11.30"]
[Round "3.8"]
[White "Socko, Monika"]
[Black "Solozhenkina, Elizaveta"]
[Result "0-1"]
[ECO "E05"]
[WhiteElo "2417"]
[BlackElo "2314"]
[Annotator "NA"]
[PlyCount "58"]
[EventDate "2019.11.28"]
[EventType "swiss"]
[EventCountry "MNC"]
[SourceTitle "playchess.com"]
[Source "ChessBase"]
[SourceQuality "1"]
[TimeControl "5400+30"]

1. d4 Nf6 2. c4 e6 3. Nf3 d5 4. g3 Be7 5. Bg2 O-O 6. O-O dxc4 7. Ne5 Nc6 8. Bxc6 bxc6 9. Nxc6 Qe8 10. Nxe7+ Qxe7 11. Qc2 c5 12. Qxc4 cxd4 13. Qxd4 Rd8 14. Qh4 Rb8 15. Nc3 Rb4 16. e4 Bb7 17. f3 Qc5+ 18. Kg2 Rd3 19. Rf2 Qb6 20. a3 Rc4 21. Bg5 Nxe4 22. Nxe4 Rxf3 23. Rxf3 Rxe4 24. Bf4 Re2+ 25. Kh3 Bxf3 26. Qe7 Rxh2+ 27. Kxh2 Qf2+ 28. Kh3 Qg2+ 29. Kh4 Qh2+ 0-1

[Event "EWIRCC 2019"]
[Site "Monte-Carlo"]
[Date "2019.11.30"]
[Round "3.9"]
[White "Reizniece-Ozola, Dana"]
[Black "Guichard, Pauline"]
[Result "0-1"]
[ECO "A18"]
[WhiteElo "2305"]
[BlackElo "2407"]
[Annotator "NA"]
[PlyCount "118"]
[EventDate "2019.11.28"]
[EventType "swiss"]
[EventCountry "MNC"]
[SourceTitle "playchess.com"]
[Source "ChessBase"]
[SourceQuality "1"]
[TimeControl "5400+30"]

1. c4 Nf6 2. Nc3 e6 3. e4 d5 4. e5 d4 5. exf6 dxc3 6. bxc3 Qxf6 7. Nf3 b6 8. Be2 Bb7 9. O-O Bd6 10. d4 O-O 11. Be3 Nd7 12. Qa4 c6 13. Rab1 Rfb8 14. c5 Bc7 15. Rfd1 h6 16. c4 Rd8 17. d5 exd5 18. cxd5 cxd5 19. Bd4 Qe6 20. Re1 Bc6 21. Bb5 Bxb5 22. Qxb5 Qf5 23. c6 Nf6 24. Re7 Rac8 25. Qb2 Bd6 26. Rxa7 Rxc6 27. Bxf6 Qxf6 28. Qxf6 gxf6 29. Nd4 Rc7 30. Ra6 Bc5 31. Nf5 Kh7 32. Ra4 Kg6 33. Nh4+ Kh5 34. Nf5 Kg5 35. Ng3 h5 36. h4+ Kg6 37. Rf4 Re7 38. Nf5 Re5 39. Rb3 Rxf5 40. Rg3+ Rg5 41. hxg5 fxg5 42. Ra4 Re8 43. Rd3 Re1+ 44. Kh2 Bxf2 45. g3 f6 46. Kg2 Bc5 47. Rxd5 Re2+ 48. Kh1 Re3 49. Kg2 Re2+ 50. Kh1 g4 51. Rd3 Kg5 52. Ra8 Kf5 53. a4 Ke4 54. Rb3 Be3 55. Rf8 Kf3 56. Re8 f5 57. Ra3 f4 58. gxf4 Re1+ 59. Kh2 g3+ 0-1

[Event "EWIRCC 2019"]
[Site "Monte-Carlo"]
[Date "2019.11.30"]
[Round "3.10"]
[White "Mkrtchian, Lilit"]
[Black "Benmesbah, Natacha"]
[Result "1/2-1/2"]
[ECO "A30"]
[WhiteElo "2402"]
[BlackElo "2265"]
[Annotator "NA"]
[PlyCount "110"]
[EventDate "2019.11.28"]
[EventType "swiss"]
[EventCountry "MNC"]
[SourceTitle "playchess.com"]
[Source "ChessBase"]
[SourceQuality "1"]
[TimeControl "5400+30"]

1. c4 Nf6 2. Nc3 c5 3. g3 e6 4. Nf3 b6 5. Bg2 Bb7 6. O-O Be7 7. d4 cxd4 8. Qxd4 O-O 9. Bg5 d6 10. Rfd1 Nbd7 11. Rac1 a6 12. b3 Qc7 13. Qe3 Rfe8 14. Nd4 Bxg2 15. Kxg2 Rad8 16. Bxf6 Nxf6 17. Qf3 Bf8 18. Qc6 Qxc6+ 19. Nxc6 Rc8 20. Nd4 g6 21. e3 h5 22. h3 Rc7 23. Nde2 Rb8 24. a4 Rbc8 25. Rd3 Nd7 26. Rb1 Ne5 27. Rdd1 d5 28. f4 Nd7 29. cxd5 Rxc3 30. dxe6 Nf6 31. exf7+ Kxf7 32. Nxc3 Rxc3 33. Rbc1 Rxe3 34. Rc7+ Be7 35. Rb7 Rxb3 36. Re1 Ng8 37. g4 hxg4 38. hxg4 Rb4 39. Kf3 Rxa4 40. Rxb6 Ra3+ 41. Kg2 a5 42. Rb7 a4 43. Re5 Ra2+ 44. Kf3 a3 45. Ra5 Rb2 46. Rba7 Rb3+ 47. Ke2 Nf6 48. Re5 Ng8 49. g5 Rb6 50. f5 gxf5 51. Rxf5+ Kg6 52. Rfa5 Re6+ 53. Kd3 Bxg5 54. R7a6 Rxa6 55. Rxa6+ Nf6 {[%emt 0:00:51] Ke4} 1/2-1/2

[Event "EWIRCC 2019"]
[Site "Monte-Carlo"]
[Date "2019.11.30"]
[Round "3.11"]
[White "Muzychuk, Anna"]
[Black "Muetsch, Annmarie"]
[Result "1-0"]
[ECO "B31"]
[WhiteElo "2543"]
[BlackElo "2240"]
[Annotator "ChessBase"]
[PlyCount "47"]
[EventDate "2019.11.28"]
[EventType "swiss"]
[EventCountry "MNC"]
[SourceTitle "playchess.com"]
[Source "ChessBase"]
[SourceQuality "1"]
[TimeControl "5400+30"]

1. e4 c5 2. Nf3 Nc6 3. Bb5 g6 4. O-O Bg7 5. c3 e5 6. d4 cxd4 7. cxd4 Nxd4 8. Nxd4 exd4 9. Bf4 Qf6 10. Qd2 Ne7 11. Na3 a6 12. Bg5 Qe6 13. Bc4 Qd6 14. e5 Bxe5 15. Rae1 Bf6 16. Bxf7+ Kxf7 17. Nc4 Qc5 18. Bxf6 Kxf6 19. Re5 d5 20. b4 Qc7 21. Qf4+ Kg7 22. Qxd4 Kg8 23. Nb6 Rb8 24. Rfe1 1-0

[Event "EWIRCC 2019"]
[Site "Monte-Carlo"]
[Date "2019.11.30"]
[Round "3.12"]
[White "Bensdorp-De Labaca, Marlies"]
[Black "Sebag, Marie"]
[Result "1/2-1/2"]
[ECO "D12"]
[WhiteElo "2228"]
[BlackElo "2443"]
[Annotator "NA"]
[PlyCount "109"]
[EventDate "2019.11.28"]
[EventType "swiss"]
[EventCountry "MNC"]
[SourceTitle "playchess.com"]
[Source "ChessBase"]
[SourceQuality "1"]
[TimeControl "5400+30"]

1. d4 d5 2. c4 c6 3. Nf3 Nf6 4. e3 Bf5 5. Nc3 e6 6. Bd3 Bxd3 7. Qxd3 Bb4 8. O-O O-O 9. a3 Be7 10. b4 Nbd7 11. Rd1 Qc7 12. e4 dxe4 13. Nxe4 Nxe4 14. Qxe4 a5 15. Bd2 axb4 16. axb4 Qb6 17. Qe1 Nf6 18. Bc3 Qc7 19. h3 h6 20. Ne5 Rfd8 21. Rxa8 Rxa8 22. Ra1 Rd8 23. Qe2 Nd7 24. Ng4 h5 25. Ne3 Nf6 26. Qf3 Qb6 27. Ra4 Qc7 28. Ra7 Qb8 29. Ra5 Qc7 30. b5 Rxd4 31. bxc6 bxc6 32. Bxd4 Qxa5 33. Bxf6 Bxf6 34. Qxc6 Qe1+ 35. Nf1 g6 36. Qd7 Qc3 37. Qe8+ Kg7 38. Qa4 Bd4 39. Qa2 Qd3 40. h4 e5 41. Nh2 e4 42. Nf1 Bc5 43. g3 Bd4 44. Kg2 Qf3+ 45. Kg1 f5 46. Qd2 Qc3 47. Qxc3 Bxc3 48. Ne3 Bd4 49. Nd5 Kf7 50. Kf1 Be5 51. Ke2 Bd4 52. Nf4 Kf6 53. Nd5+ Ke5 54. Nf4 Kf6 55. Nd5+ 1/2-1/2

[Event "EWIRCC 2019"]
[Site "Monte-Carlo"]
[Date "2019.11.30"]
[Round "3.13"]
[White "Gunina, Valentina"]
[Black "Michna, Marta"]
[Result "1-0"]
[ECO "E94"]
[WhiteElo "2509"]
[BlackElo "2366"]
[Annotator "ChessBase"]
[PlyCount "57"]
[EventDate "2019.11.28"]
[EventType "swiss"]
[EventCountry "MNC"]
[SourceTitle "playchess.com"]
[Source "ChessBase"]
[SourceQuality "1"]
[TimeControl "5400+30"]

1. d4 Nf6 2. c4 d6 3. Nc3 Nbd7 4. e4 e5 5. Nf3 g6 6. Be2 Bg7 7. Be3 O-O 8. h3 c6 9. O-O Re8 10. d5 c5 11. Ne1 h6 12. Qd2 Kh7 13. Nd3 Nf8 14. f4 exf4 15. Rxf4 g5 16. Rf2 Ng6 17. Raf1 Nxe4 18. Nxe4 Rxe4 19. Rxf7 Kg8 20. Bh5 Nh8 21. Rxg7+ Kxg7 22. Nxc5 dxc5 23. Bxc5 Rxc4 24. Bf8+ Kg8 25. d6 Be6 26. Bxh6 Nf7 27. Qd3 Ne5 28. Qg3 Qxd6 29. Qxg5+ 1-0

[Event "EWIRCC 2019"]
[Site "Monte-Carlo"]
[Date "2019.11.30"]
[Round "3.14"]
[White "Batsiashvili, Nino"]
[Black "Novkovic, Julia"]
[Result "1-0"]
[ECO "A42"]
[WhiteElo "2422"]
[BlackElo "2161"]
[Annotator "NA"]
[PlyCount "59"]
[EventDate "2019.11.28"]
[EventType "swiss"]
[EventCountry "MNC"]
[SourceTitle "playchess.com"]
[Source "ChessBase"]
[SourceQuality "1"]
[TimeControl "5400+30"]

1. d4 g6 2. c4 Bg7 3. Nc3 d6 4. e4 e5 5. Nge2 Nc6 6. d5 Nce7 7. h4 f5 8. h5 f4 9. hxg6 hxg6 10. Rxh8 Bxh8 11. Bd2 Nf6 12. Nc1 Bg7 13. Nd3 a6 14. Qc2 Kf7 15. O-O-O Ng4 16. Be2 Qh8 17. Kb1 Qh2 18. Bf3 Bd7 19. c5 Qh4 20. Be1 Nh2 21. Qb3 Rb8 22. cxd6 cxd6 23. Qb6 Qf6 24. Qc7 Bg4 25. Bxg4 Nxg4 26. Qxb8 f3 27. g3 Bh6 28. Qxb7 Bg5 29. Qxa6 Nxd5 30. exd5 1-0

[Event "EWIRCC 2019"]
[Site "Monte-Carlo"]
[Date "2019.11.30"]
[Round "3.15"]
[White "Kashlinskaya, Alina"]
[Black "Dornbusch, Tatiana"]
[Result "1-0"]
[ECO "A59"]
[WhiteElo "2486"]
[BlackElo "2269"]
[Annotator "ChessBase"]
[PlyCount "61"]
[EventDate "2019.11.28"]
[EventType "swiss"]
[EventCountry "MNC"]
[SourceTitle "playchess.com"]
[Source "ChessBase"]
[SourceQuality "1"]
[TimeControl "5400+30"]

1. d4 Nf6 2. c4 c5 3. d5 b5 4. cxb5 a6 5. bxa6 g6 6. Nc3 Bxa6 7. e4 Bxf1 8. Kxf1 d6 9. Nf3 Bg7 10. g3 O-O 11. Kg2 Nbd7 12. a4 Ng4 13. Qe2 Qa5 14. Nd2 Ngf6 15. Nc4 Qa6 16. Nb5 Rfc8 17. Bd2 Nb6 18. b3 Ne8 19. Ra2 Nc7 20. Nxc7 Rxc7 21. Ba5 Nxc4 22. Bxc7 Ne5 23. Qxa6 Rxa6 24. a5 Nd7 25. Rc1 Bd4 26. Ra4 Ra7 27. Bb6 Ra6 28. Rxd4 cxd4 29. Rc8+ Kg7 30. Bxd4+ f6 31. b4 1-0

[Event "EWIRCC 2019"]
[Site "Monte-Carlo"]
[Date "2019.11.30"]
[Round "3.17"]
[White "Kurapova, Olga"]
[Black "Cramling, Pia"]
[Result "0-1"]
[ECO "E38"]
[WhiteElo "1925"]
[BlackElo "2443"]
[Annotator "NA"]
[PlyCount "52"]
[EventDate "2019.11.28"]
[EventType "swiss"]
[EventCountry "MNC"]
[SourceTitle "playchess.com"]
[Source "ChessBase"]
[SourceQuality "1"]
[TimeControl "5400+30"]

1. d4 Nf6 2. c4 e6 3. Nc3 Bb4 4. Qc2 c5 5. dxc5 Bxc5 6. Bg5 Bxf2+ 7. Kxf2 Ng4+ 8. Ke1 Qxg5 9. Nf3 Qe3 10. Ne4 f5 11. Nd6+ Ke7 12. Nxc8+ Rxc8 13. Qb3 Na6 14. Rd1 Nc5 15. Qxe3 Nxe3 16. Rc1 Ne4 17. b3 b5 18. Nd2 bxc4 19. bxc4 Rab8 20. h4 Nxd2 21. Kxd2 Nxc4+ 22. Ke1 Ne3 23. Rxc8 Rxc8 24. Rh3 f4 25. Rf3 Rc1+ 26. Kf2 Rxf1# 0-1

[Event "EWIRCC 2019"]
[Site "Monte-Carlo"]
[Date "2019.11.30"]
[Round "3.18"]
[White "Bodnaruk, Anastasia"]
[Black "Azimova, Karina"]
[Result "1-0"]
[ECO "C41"]
[WhiteElo "2412"]
[BlackElo "2081"]
[Annotator "NA"]
[PlyCount "81"]
[EventDate "2019.11.28"]
[EventType "swiss"]
[EventCountry "MNC"]
[SourceTitle "playchess.com"]
[Source "ChessBase"]
[SourceQuality "1"]
[TimeControl "5400+30"]

1. e4 e5 2. Nf3 d6 3. d4 exd4 4. Nxd4 Nf6 5. Nc3 Be7 6. g3 O-O 7. Bg2 c6 8. O-O Re8 9. Bf4 Bf8 10. Qd2 Nbd7 11. h3 Ne5 12. b3 Bd7 13. g4 Qc7 14. Bg3 c5 15. Nde2 Bc6 16. Nf4 Ng6 17. Nfd5 Nxd5 18. Nxd5 Qd8 19. f4 Ne7 20. c4 Nxd5 21. cxd5 Bb5 22. Rfe1 g6 23. e5 Bg7 24. Rac1 Rc8 25. Kh2 Bf8 26. e6 fxe6 27. dxe6 Bc6 28. Bd5 Kh8 29. f5 Qf6 30. Qd3 Rcd8 31. Rc2 Bg7 32. Rd2 Qc3 33. Qe2 Be5 34. Bxe5+ dxe5 35. Qxe5+ Qxe5+ 36. Rxe5 gxf5 37. gxf5 Rd6 38. Kg3 Kg7 39. Bxc6 Rxc6 40. Rd7+ Kf6 41. Kf4 1-0

[Event "EWIRCC 2019"]
[Site "Monte-Carlo"]
[Date "2019.11.30"]
[Round "3.19"]
[White "Salimova, Nurgyul"]
[Black "Arakhamia-Grant, Ketevan"]
[Result "0-1"]
[ECO "B32"]
[WhiteElo "2370"]
[BlackElo "2376"]
[Annotator "NA"]
[PlyCount "108"]
[EventDate "2019.11.28"]
[EventType "swiss"]
[EventCountry "MNC"]
[SourceTitle "playchess.com"]
[Source "ChessBase"]
[SourceQuality "1"]
[TimeControl "5400+30"]

1. e4 c5 2. Nf3 Nc6 3. d4 cxd4 4. Nxd4 e5 5. Nb5 d6 6. N1c3 a6 7. Na3 Be7 8. Nc4 b5 9. Ne3 Nf6 10. g3 O-O 11. Bg2 Be6 12. O-O Rc8 13. Ncd5 Bxd5 14. exd5 Nb8 15. a4 b4 16. a5 Rc5 17. Bd2 Rxa5 18. Bxb4 Rb5 19. Bc3 Qc8 20. Re1 Ne8 21. Bf1 Rb6 22. Nc4 Rb7 23. b3 f5 24. Bb2 Nf6 25. Bg2 Rb5 26. Ra5 Nbd7 27. Qa1 Nc5 28. Rd1 Qc7 29. Bf1 Bd8 30. Rxb5 axb5 31. Na3 b4 32. Nb5 Qb6 33. Bc1 Ng4 34. Re1 Nxb3 35. Qa7 Qxa7 36. Nxa7 Nxc1 37. Rxc1 Bb6 38. Nc6 Bxf2+ 39. Kh1 Bc5 40. Ra1 g6 41. Ra4 Ne3 42. Bb5 Nxc2 43. Bd3 b3 44. Bxc2 bxc2 45. Rc4 Ra8 46. Rxc2 e4 47. Kg2 Ra1 48. Rb2 Kf7 49. Nd8+ Kf6 50. Nc6 Rg1+ 51. Kh3 e3 52. Rc2 g5 53. Re2 f4 54. gxf4 gxf4 0-1

[Event "EWIRCC 2019"]
[Site "Monte-Carlo"]
[Date "2019.11.30"]
[Round "3.20"]
[White "Osmak, Iulija"]
[Black "Limanovska, Elizabete"]
[Result "1-0"]
[ECO "A45"]
[WhiteElo "2401"]
[BlackElo "2178"]
[Annotator "NA"]
[PlyCount "73"]
[EventDate "2019.11.28"]
[EventType "swiss"]
[EventCountry "MNC"]
[SourceTitle "playchess.com"]
[Source "ChessBase"]
[SourceQuality "1"]
[TimeControl "5400+30"]

1. d4 Nf6 2. Bg5 Ne4 3. Bf4 d5 4. e3 Bf5 5. f3 Nd6 6. Nc3 e6 7. Nge2 g5 8. Bg3 h5 9. h4 Bh6 10. hxg5 Bxg5 11. Bf4 h4 12. b3 Nc6 13. Qd2 Bf6 14. O-O-O Qd7 15. Kb1 O-O-O 16. Nc1 Bg6 17. Nd3 Qe7 18. Ne5 Bxe5 19. dxe5 Nf5 20. Ne2 f6 21. exf6 Qxf6 22. Nd4 Nce7 23. Nb5 e5 24. Qa5 Qb6 25. Qxb6 axb6 26. Bxe5 Nxe3 27. Bxh8 Bxc2+ 28. Kc1 Bxd1 29. Bd4 N7f5 30. Bxe3 Nxe3 31. Bd3 c5 32. Nc3 c4 33. Nxd1 Nxd1 34. Bf5+ Kc7 35. Kxd1 c3 36. Kc2 d4 37. Rxh4 1-0